AoeStats
← blu tack

African Clearing

506067006Analyzed
4v4 RM · 20d ago on Sep 12, 2026· 39m 5s· 8 players
Game mode
Random Map
Map size
Large (8 player)
Population
200
Speed
Normal
Resources
Standard
Victory
Conquest
Starting age
Dark Age
Ending age
Imperial Age
RankedLock teamsTeams togetherTeam positionsShared explorationLock speedFull tech treeHidden civsTurbo modeCheats
Victory
Defeat
🇹🇼 Koreans · Taiwan
1478
+10
🇨🇳 Spanish · China
1426
+12
🇲🇽 Mongols · Mexico
1380
+14
🇭🇰 Magyars · Hong Kong SAR China
1367
+15
🇺🇸 Mongols · United States
1500
-18
🇺🇾 Khmer · Uruguay
1403
-15
🇳🇿 Britons · New Zealand
1251
-9
🇨🇳 Spanish · China
1227
-9
hatke104
9:34 Loom
12:08 Feudal Age
13:57 Double-Bit Axe
25:02 Castle Age
23:47 Scale Barding Armor
23:41 Gold Mining
24:14 Bloodlines
27:14 Bow Saw
28:55 Horse Collar
29:28 Light Cavalry
32:04 Husbandry
34:19 Heavy Plow
35:34 Chain Barding Armor
Haosbot
7:18 Loom
12:34 Feudal Age
13:58 Double-Bit Axe
24:35 Castle Age
26:44 Horse Collar
只会种田
11:27 Loom
13:13 Feudal Age
17:39 Castle Age
17:06 Double-Bit Axe
31:26 Horse Collar
40:05 Imperial Age
37:58 Gold Mining
39:36 Wheelbarrow
40:06 Wheelbarrow
39:39 Heavy Plow
[GDL] ColimoteStudioS
2:48 Loom
13:08 Feudal Age
17:46 Castle Age
18:01 Double-Bit Axe
19:28 Fletching
21:16 Bodkin Arrow
21:41 Padded Archer Armor
25:34 Leather Archer Armor
26:55 Ballistics
27:06 Town Watch
28:32 Wheelbarrow
29:22 Bow Saw
30:29 Bloodlines
30:20 Husbandry
33:21 Thumb Ring
39:14 Horse Collar
optimal_brain_damage
10:18 Feudal Age
10:45 Loom
10:52 Double-Bit Axe
14:35 Scale Barding Armor
14:54 Horse Collar
16:42 Town Watch
17:47 Forging
22:23 Castle Age
21:20 Bloodlines
23:59 Fletching
25:06 Wheelbarrow
24:53 Bow Saw
26:02 Heavy Plow
29:41 Gold Mining
32:28 Bodkin Arrow
34:07 Ballistics
33:59 Husbandry
34:43 Padded Archer Armor
35:08 Thumb Ring
36:38 Hand Cart
blu tack
8:52 Loom
14:32 Feudal Age
14:59 Town Watch
15:03 Double-Bit Axe
20:09 Stone Mining
21:10 Padded Archer Armor
unknow
6:51 Loom
15:02 Feudal Age
18:58 Castle Age
29:42 Bloodlines
34:11 Light Cavalry
34:54 Husbandry
DGHIR | Garezo
12:26 Feudal Age
15:00 Town Watch
15:29 Fletching
16:24 Double-Bit Axe
19:45 Padded Archer Armor
24:49 Castle Age
23:29 Loom
25:38 Bodkin Arrow
26:43 Crossbowman
33:51 Ballistics
Connection lost

Rejoining the realm…

Still unreachable

The connection could not be restored.

Session expired

The server has moved on; the page needs a fresh start.